 Dungeon Crawl Stone Soup version 0.27-a0-1579-g97d2440184 (webtiles) character file.

Game seed: 14781557474167943983

415 Sabo the Shield-Bearer (level 6, -8/40 HPs)
             Began as a Gargoyle Fighter on July 17, 2021.
             Was a Follower of Ashenzari.
             Killed by divine providence
             ... invoked by an orc priest
              (17 damage)
             ... on level 4 of the Dungeon.
             The game lasted 00:15:29 (3057 turns).

Sabo the Shield-Bearer (Gargoyle Fighter)           Turns: 3057, Time: 00:15:29

Health: -8/40      AC: 17    Str: 21    XL:     6   Next: 91%
Magic:  6/6        EV:  4    Int:  8    God:    Ashenzari [*.....]
Gold:   142        SH: 10    Dex: 10    Spells: 5/5 levels left

rFire    . . .     SeeInvis .   g - +4 long sword (elec)
rCold    . . .     Faith    .   c - +0 kite shield of the Cosmic Augur {Alch, Range} (curse)
rNeg     + . .     Spirit   .   f - +0 plate armour "Disgust of the Ether" {Bglg, Self} (curse)
rPois    ∞         Reflect  .   k - +0 helmet
rElec    +         Harm     .   (no cloak)
rCorr    .         Rampage  .   (no gloves)
Will     .....                  (no boots)
Stlth    ..........             (no amulet)
HPRegen  0.13/turn              (no ring)
MPRegen  0.10/turn              (no ring)

@: no status effects
A: sickness immunity, AC +4, negative energy resistance 1, electricity
resistance, torment resistance 1, petrification resistance
a: Renounce Religion, Curse Item, Shatter the Chains


You were on level 4 of the Dungeon.
You worshipped Ashenzari.
Ashenzari was aware of your devotion.
You visited 1 branch of the dungeon, and saw 4 of its levels.

You collected 142 gold pieces.

Inventory:

Hand Weapons
 a - a +0 flail
 g - a +4 long sword of electrocution (weapon)
 l - a +0 shortbow
Missiles
 j - 5 bolts
 m - 11 arrows
Armour
 c - the cursed +0 kite shield of the Cosmic Augur (worn) {Alch, Range}

   It has a curse which improves the following skills: Alchemy: Poison Magic and
   Transmutations.
   Ranged Combat: Slings, Bows, Crossbows and Throwing.
 f - the cursed +0 plate armour "Disgust of the Ether" (worn) {Bglg, Self}
   (You found it on level 2 of the Dungeon)

   It has a curse which improves the following skills: Beguiling: Conjurations,
   Hexes and Translocations.
   Introspection: Fighting and Spellcasting.
 k - a +0 helmet (worn)
Wands
 n - a wand of acid (12)
Scrolls
 d - a scroll of teleportation
 h - a scroll of brand weapon
Potions
 b - a potion of resistance
 e - a potion of curing
 i - a potion of heal wounds


   Skills:
 + Level 4.4(5.3) Fighting
 + Level 3.0 Long Blades
 + Level 3.0 Maces & Flails
 + Level 4.6 Armour
 + Level 5.1 Shields


You had 5 spell levels left.
You didn't know any spells.
Your spell library contained the following spells:

 Spells                   Type           Power      Damage    Failure   Level
 Summon Small Mammal      Summ           0%         N/A       100%        1
 Call Canine Familiar     Summ           0%         N/A       100%        3
 Summon Guardian Golem    Hex/Summ       0%         N/A       100%        3


Dungeon Overview and Level Annotations

Branches:
Dungeon (4/15)
 Temple: D:4-7

Altars:
Ashenzari

Shops:
D:3 [


Innate Abilities, Weirdness & Mutations

You are immune to sickness and miasma.
Your stone body is resilient. (AC +4)
You are immune to poison.
You resist negative energy. (rN+)
You are resistant to electric shocks. (rElec)
You are resistant to unholy torment.
You are immune to petrification.


Message History

You hit the orc.
The orc is lightly wounded.
The orc hits you but does no damage. The orc hits you with a +0 morningstar.
You block the orc's attack.
You slash the orc!
You kill the orc!
The orc hits you but does no damage. You block the orc's attack.
The orc priest calls down the wrath of Beogh upon you.
You barely resist. You block the orc priest's attack.
Your Long Blades skill increases to level 3!
You slash the orc priest!
The orc priest is severely wounded.
The orc hits you but does no damage. x2
The orc priest hits you but does no damage.
The orc priest calls down the wrath of Beogh upon you.
Pain shoots through your body! You block the orc's attack. x2
The orc priest miscasts a cantrip.
You barely miss the orc priest.
The orc priest is severely wounded.
The orc priest hits you but does no damage.
You block the orc priest's attack. The orc hits you but does no damage. x2
The orc priest calls down the wrath of Beogh upon you.
Pain shoots through your body! You block the orc priest's attack.
You hit the orc priest.
The orc priest is almost dead.
The orc hits you with a +0 short sword. The orc hits you with a +0 club.
The orc priest hits you with a +0 mace.
The orc priest hits you but does no damage.
The orc hits you but does no damage. x2
You barely miss the orc priest.
The orc priest is almost dead.
The orc priest mumbles some strange prayers to Beogh against you.
Pain shoots through your body!
* * * LOW HITPOINT WARNING * * *
You block the orc priest's attack. The orc barely misses you.
You riposte.
You closely miss the orc. The orc hits you but does no damage.
You block the orc priest's attack.
The orc priest invokes the aid of Beogh against you.
Beogh smites you!
You die...

#........#........#
#.?...............#
#........#........#
##########........###
#######....#
#######....#
......'....#
#############....#
#....o@oo........#
...####ooo........#
.5ooZ.?..#####
.<#.J.(...^# ##
#........# .........#
###[........
.....#.... §...#..


You could see 3 orc priests, 5 orcs, an ufetubus, an endoplasm and a bullfrog
skeleton.

Vanquished Creatures
  Grinder (D:3)
  A centaur (D:3)
  A hound (D:3)
  Robin (D:3)
  A howler monkey skeleton (D:4)
  An adder (D:3)
  A worm (D:2)
  A dart slug (D:1)
  4 orcs
  7 bats
  6 endoplasms
  2 giant cockroaches (D:2)
  8 goblins
  5 hobgoblins
  5 jackals (D:2)
  3 kobolds
  2 quokkas
  5 ball pythons
  2 frilled lizards
  3 rats
60 creatures vanquished.

Notes
Turn   | Place    | Note
-------+----------+-------------------------------------------
     0 | D:1      | Sabo the Gargoyle Fighter began the quest for the Orb.
     0 | D:1      | Reached XP level 1. HP: 14/14 MP: 1/1
   125 | D:1      | You fall into a shaft and drop 1 floor!
   127 | D:2      | Reached XP level 2. HP: 19/19 MP: 2/2
   709 | D:1      | Found a faded altar of an unknown god.
   719 | D:1      | Became a worshipper of Ashenzari the Shackled
  1144 | D:2      | Reached XP level 3. HP: 12/23 MP: 3/3
  1632 | D:2      | Reached * piety under Ashenzari
  2015 | D:3      | Found Paoskyc's Antique Armour Shop.
  2214 | D:3      | Noticed Robin
  2216 | D:3      | Reached XP level 4. HP: 30/30 MP: 4/4
  2225 | D:3      | Killed Robin
  2226 | D:3      | Reached skill level 4 in Shields
  2431 | D:3      | Noticed a centaur
  2437 | D:3      | Found a broken altar of Ashenzari.
  2444 | D:3      | Killed a centaur
  2445 | D:3      | Reached skill level 1 in Long Blades
  2445 | D:3      | Reached XP level 5. HP: 24/34 MP: 5/5
  2686 | D:3      | Noticed Grinder
  2693 | D:3      | Paralysed by Grinder for 6 turns
  2704 | D:3      | Killed Grinder
  2705 | D:3      | Reached skill level 5 in Shields
  2705 | D:3      | Reached XP level 6. HP: 34/40 MP: 6/6
  3057 | D:4      | Killed from afar by an orc priest

Illustrated notes

Levels and vault maps discovered:
D:1:      moated_graveyard_arrival, layout_basic, ebering_ecumenical_altar_webs
D:2:      layout_basic, roderic_roman_lattice
D:3:      layout_loops_cross, evilmike_ruin_ashenzari, serial_shops, shop,
          uniq_robin, uniq_grinder
D:4:      layout_basic, cheibrodos_worm_habitat

Skill      XL: |  1  2  3  4  5  6 |
---------------+-------------------+-----
Shields        | 4 5 |  5.1
Long Blades    | 1 2 3 |  3.0
Armour         | 4 |  4.6
Fighting       | 4 |  4.4
Maces & Flails | 3 |  3.0

Action                   |  1- 3 |  4- 6 || total
-------------------------+-------+-------++-------
Melee: Flail             |    71 |       ||    71
       Long sword        |    42 |    47 ||    89
Invok: Curse Item        |     2 |       ||     2
  Use: Scroll            |     1 |     1 ||     2
       Potion            |       |     1 ||     1
Armor: Scale mail        |     5 |       ||     5
       Plate armour      |    77 |    64 ||   141
Dodge: Dodged            |    15 |     7 ||    22
Block: Kite shield       |    60 |    36 ||    96
       Rpst.: Long sword |     2 |     4 ||     6

Table legend: (Time is in decaauts)
 A = Elapsed time spent in this place.
 B = Non-inter-level travel time spent in this place.
 C = Inter-level travel time spent in this place.
 D = Time resting spent in this place.
 E = Time spent auto-exploring this place.
 F = Levels seen in this place.
 G = Mean time per level.
                   A        B        C        D        E       F      G
               +--------+--------+--------+--------+--------+-----+--------+
         Total |   3145 |   3145 |      0 |    711 |      0 |   4 |  786.2 |
       Dungeon |   3145 |   3145 |      0 |    711 |      0 |   4 |  786.2 |
               +--------+--------+--------+--------+--------+-----+--------+

Top non-repeatable levels by time:
     D:3: 1174 daAuts
     D:1: 1067 daAuts
     D:2: 832 daAuts
     D:4: 70 daAuts
